 Dungeon Crawl Stone Soup version 0.31-a0-237-g2d982f9f85 (webtiles) character file.

Game seed: 2656402223668393899

60 qw the Shooter (level 4, -5/26 HPs)
             Began as a Gargoyle Hexslinger on July 10, 2023.
             Slain by a wraith (10 damage)
             ... in an ossuary.
             The game lasted 00:00:38 (1451 turns).

qw the Shooter (Gargoyle Hexslinger)                Turns: 1451, Time: 00:00:38

Health: -5/26      AC:  6    Str: 12    XL:     4   Next: 4%
Magic:  5/5        EV: 11    Int: 13    God:
Gold:   161        SH:  0    Dex: 14    Spells: 4/5 levels left

rFire   . . .        Y - +1 sling
rCold   . . .        (no shield)
rNeg    + . .        a - +0 leather armour
rPois   inf          (no helmet)
rElec   +            (no cloak)
rCorr   .            (no gloves)
SInv    .            (no boots)
Will    .....        (no amulet)
Stlth   +            (no ring)
HPRegen 0.24/turn    (no ring)
MPRegen 0.09/turn

%: no passive effects
@: about to teleport, slowed, very slow
A: sickness immunity, AC +3, negative energy resistance 1, electricity
resistance, torment resistance 1, petrification resistance
a: no special abilities


You were in an ossuary.
You visited 1 branch of the dungeon, and saw 4 of its levels.
You also visited: Ossuary.

You collected 161 gold pieces.


Innate Abilities, Weirdness & Mutations

You are immune to sickness and miasma.
Your stone body is resilient. (AC +3)
You are immune to poison.
You resist negative energy. (rN+)
You are resistant to electric shocks. (rElec)
You are resistant to unholy torment.
You are immune to petrification.


   Skills:
 - Level 2.0 Fighting
 + Level 3.9 Ranged Weapons
 - Level 1.5 Dodging
 - Level 1.0 Spellcasting
 - Level 2.6 Hexes


You had 4 spell levels left.
You knew the following spells:

 Your Spells              Type           Power      Damage    Failure   Level
a - Slow                  Hex            28%        N/A       12%         1

Your spell library contained the following spells:

 Spells                   Type           Power      Damage    Failure   Level
 Inner Flame              Hex/Fire       4%         N/A       52%         3
 Portal Projectile        Hex/Tloc       8%         N/A       52%         3
 Cause Fear               Hex            3%         N/A       75%         4

Inventory:

Hand Weapons
 Y - a +1 sling (weapon)
Armour
 a - a +0 leather armour (worn)
Scrolls
 b - a scroll of identify
 d - a scroll of enchant armour {unknown}
Potions
 c - a potion of mutation {unknown}
 f - 2 potions of might
 g - 2 potions of curing
 i - a potion of resistance

Dungeon Overview and Level Annotations

Branches:
Dungeon (3/15)            Ossuary (1/1)

Altars:


Message History

As you open the door, it creaks loudly!
There is an open door here.
c - a fizzy ruby potion
d - a scroll labelled LOPPIEXIMI
g - 2 potions of curing (gained 1)
e - a scroll of teleportation
There is an open door here.
You open the gate.
There is an open gate here.
You open the door.
There is an open door here.
Found a scroll of amnesia.
Something unseen opens the door.
You sense a monster nearby.
You shoot a sling bullet. The sling bullet hits the wraith.
The wraith is lightly damaged.
The wraith closely misses you.
You shoot a sling bullet.
The sling bullet hits the wraith but does no damage.
The wraith is lightly damaged.
The wraith hits you!
You shoot a sling bullet.
The sling bullet closely misses the wraith.
The wraith completely misses you. The wraith hits you!
You shoot a sling bullet.
The sling bullet hits the wraith but does no damage.
The wraith is lightly damaged.
The wraith hits you. The wraith drains your vigour!
You feel yourself slow down.
You shoot a sling bullet. The sling bullet hits the wraith.
The wraith is lightly damaged.
The wraith barely misses you. The wraith closely misses you.
You shoot a sling bullet. The sling bullet hits the wraith.
The wraith is moderately damaged.
The wraith hits you. The wraith drains your vigour!
You feel as though you will be slow longer.
1451 ||| READING scroll of teleportation.
As you read the scroll of teleportation, it crumbles to dust.
You feel strangely unstable. The wraith hits you but does no damage.
The wraith hits you!
You die...

## ..## .#####
..## ##...##...##
. #.!...##...# ..
..???..W...+ ...
#.?.!.##@..#
#...##...##...##
#...#####...## .
#.........##...
..#####'#####....
.................
.................
######'''########
#...####


You could see a wraith.

Vanquished Creatures
  2 mummies
  An endoplasm (D:1)
  2 goblins
  3 hobgoblins
  2 quokkas (D:1)
  4 ball pythons
  3 bats
  2 frilled lizards (D:1)
  A gnoll skeleton (Ossuary)
  3 kobolds
  2 kobold skeletons (Ossuary)
  6 orc skeletons (Ossuary)
  An orc zombie (D:4)
  5 rats
37 creatures vanquished.

Notes
Turn   | Place    | Note
-------+----------+-------------------------------------------
     0 | D:1      | qw the Gargoyle Hexslinger began the quest for the Orb.
     0 | D:1      | Reached XP level 1. HP: 12/12 MP: 2/2
     0 | D:1      | 0 ||| qw: Version: 0.3-a-52-g30416fa
     0 | D:1      | 0 ||| qw: Game counter: 5238
     0 | D:1      | 0 ||| qw: Melee chars always use a shield: true
     0 | D:1      | 0 ||| qw: God list: Okawaru
     0 | D:1      | 0 ||| qw: Allow faded altars: false
     0 | D:1      | 0 ||| qw: Do Orc after clearing Dungeon:15 true
     0 | D:1      | 0 ||| qw: Do second Lair branch before Depths: true
     0 | D:1      | 0 ||| qw: Lair rune preference: random
     0 | D:1      | 0 ||| qw: Goals: Normal
     0 | D:1      | 0 ||| PLANNING D:1-11
   154 | D:1      | Reached XP level 2. HP: 11/16 MP: 3/3
   154 | D:1      | 154 ||| FLEEEEING.
   155 | D:1      | 155 ||| FLEEEEING.
   157 | D:1      | 157 ||| FLEEEEING.
   158 | D:1      | 158 ||| FLEEEEING.
   159 | D:1      | 159 ||| FLEEEEING.
   160 | D:1      | 160 ||| FLEEEEING.
   161 | D:1      | 161 ||| FLEEEEING.
   162 | D:1      | 162 ||| FLEEEEING.
   163 | D:1      | 163 ||| FLEEEEING.
   164 | D:1      | 164 ||| FLEEEEING.
   165 | D:1      | 165 ||| FLEEEEING.
   166 | D:1      | 166 ||| FLEEEEING.
   167 | D:1      | 167 ||| FLEEEEING.
   168 | D:1      | 168 ||| FLEEEEING.
   169 | D:1      | 169 ||| FLEEEEING.
   170 | D:1      | 170 ||| FLEEEEING.
   171 | D:1      | 171 ||| FLEEEEING.
   243 | D:1      | Reached skill level 3 in Ranged Weapons
   518 | D:1      | 518 ||| READING scroll labelled ESUKOT ASOGUD.
   519 | D:1      | 519 ||| DROPPING scroll of poison.
   921 | D:2      | Reached XP level 3. HP: 21/21 MP: 4/4
  1169 | D:2      | 1169 ||| READING scroll labelled EHUBLIAXKE.
  1170 | D:2      | 1170 ||| READING 3 scrolls labelled KIERREGOLU.
  1171 | D:2      | 1171 ||| READING scroll labelled BUGROE UP DUSA.
  1174 | D:2      | 1174 ||| READING 2 scrolls labelled RIECAF LEWN.
  1175 | D:2      | 1175 ||| DRINKING 3 bubbling white potions.
  1176 | D:2      | 1176 ||| DRINKING 2 puce potions.
  1177 | D:2      | 1177 ||| READING 2 scrolls of identify.
  1177 | D:2      | 1177 ||| IDENTIFYING red potion
  1178 | D:2      | 1178 ||| DROPPING potion of magic.
  1179 | D:2      | 1179 ||| DROPPING scroll of immolation.
  1212 | D:3      | You fall into a shaft and drop 1 floor!
  1213 | D:4      | 1213 ||| PLANNING OSSUARY
  1248 | D:4      | Found a sand-covered staircase.
  1251 | D:4      | HP: 3/21 [mummy (14)]
  1328 | D:4      | 1328 ||| UPGRADING to +0 leather armour.
  1338 | D:4      | 1338 ||| DROPPING +0 robe.
  1339 | D:4      | 1339 ||| DRINKING 2 fizzy cyan potions.
  1344 | D:4      | 1344 ||| READING 2 scrolls of identify.
  1344 | D:4      | 1344 ||| IDENTIFYING white potion
  1345 | D:4      | 1345 ||| DROPPING potion of ambrosia.
  1349 | Ossuary  | Entered an ossuary
  1349 | Ossuary  | Noticed a wraith
  1349 | Ossuary  | Noticed a wraith
  1349 | Ossuary  | Noticed a wraith
  1395 | Ossuary  | Reached XP level 4. HP: 22/26 MP: 5/5
  1440 | Ossuary  | Noticed a wraith
  1450 | Ossuary  | HP: 5/26 [wraith (3)]
  1451 | Ossuary  | 1451 ||| READING scroll of teleportation.
  1451 | Ossuary  | Slain by a wraith

Levels and vault maps discovered:
D:1:      minmay_arrival_four_loops, layout_rooms
D:2:      layout_basic, minmay_cupped
D:3:      layout_basic, serial_curves, eino_curves_02, eino_curves_04,
          minmay_stone_trees_small, serial_park_tiny_pond, st_stairs_10,
          nrook_campfire
D:4:      layout_rooms, lemuel_crystal_altar, minmay_temple_entry_waves,
          nicolae_ossuary_entry_giza, uniq_natasha, uniq_grinder, uniq_ijyb
Ossuary:  ossuary_due_mausoleum

Skill      XL: |  1  2 |
---------------+-------+-----
Ranged Weapons | 3 |  3.9
Fighting       | 2 |  2.0
Dodging        | |  1.5
Spellcasting   | |  1.0
Hexes          | |  2.6

Action                     |  1- 3 |  4- 6 || total
---------------------------+-------+-------++-------
   Fire: Sling             |   128 |     6 ||   134
    Use: Scroll            |     7 |     1 ||     8
         Potion            |     3 |       ||     3
 Armour: Robe              |     9 |       ||     9
         Leather armour    |    13 |     1 ||    14
  Dodge: Dodged            |    34 |     4 ||    38

Table legend:
 A = Non-vault XP
 B = Vault XP
 C = Vault XP percentage of total XP
 D = Non-vault monster count
 E = Vault monster count
 F = Vault count percentage of total count
                 A         B        C        D         E       F
            +---------+---------+-------+---------+---------+-------
      Total |      32 |      54 |  62.8 |      22 |      15 |  40.5
            +---------+---------+-------+---------+---------+-------
        D:1 |      21 |       0 |   0.0 |      14 |       0 |   0.0
        D:2 |       8 |       5 |  38.5 |       6 |       3 |  33.3
        D:3 |       1 |       0 |   0.0 |       1 |       0 |   0.0
        D:4 |       2 |      19 |  90.5 |       1 |       2 |  66.7
    Ossuary |       0 |      30 | 100.0 |       0 |      10 | 100.0
            +---------+---------+-------+---------+---------+-------
